 Dungeon Crawl Stone Soup version 0.25-a0-277-g7046ed1b37 (webtiles) character file.

Game seed: 17382472066255591147, levelgen mode: deterministic

87 MoonlitKnight the Insei (level 4, -2/36 HPs)
             Began as a Draconian Transmuter on Dec 9, 2019.
             Succumbed to a worker ant's poison
             ... on level 3 of the Dungeon.
             The game lasted 00:07:15 (2612 turns).

MoonlitKnight the Insei (Draconian Transmuter)      Turns: 2612, Time: 00:07:16

Health: -2/36      AC:  5    Str: 12    XL:     4   Next: 28%
Magic:  6/7        EV: 12    Int: 13    God:
Gold:   152        SH:  0    Dex: 13    Spells: 0/7 levels left

rFire    . . .     SeeInvis .     - Unarmed
rCold    . . .     Gourm    .   (no shield)
rNeg     . . .     Faith    .   (armour unavailable)
rPois    .         Spirit   .   (helmet restricted)
rElec    .         Reflect  .   (no cloak)
rCorr    .         Harm     .   (no gloves)
MR       .....                  (no boots)
Stlth    +.........             (no amulet)
HPRegen  0.12/turn              (no ring)
MPRegen  0.10/turn              (no ring)

@: lethally poisoned (-2 -> -20)
A: unfitting armour, cold-blooded, AC +5
a: no special abilities


You were on level 3 of the Dungeon.
You were not hungry.

You visited 1 branch of the dungeon, and saw 4 of its levels.

You collected 152 gold pieces.

Inventory:

Missiles
 a - 9 arrows
 m - 2 boomerangs (quivered)
Jewellery
 d - an uncursed ring of protection from fire {unknown}
Scrolls
 e - a scroll of immolation {unknown}
 f - 2 scrolls of identify {unknown}
 g - a scroll of blinking {unknown}
 i - a scroll of teleportation {unknown}
 l - 2 scrolls of remove curse {unknown}
 p - a scroll of magic mapping {unknown}
Potions
 h - a potion of berserk rage {unknown}
 j - a potion of brilliance {unknown}
 k - a potion of flight {unknown}
 n - 2 potions of mutation {unknown}
 o - a potion of haste {unknown}
Comestibles
 b - 10 chunks of flesh
 c - 4 rations


   Skills:
 - Level 2.0 Fighting
 - Level 2.2 Dodging
 - Level 3.7 Unarmed Combat
 - Level 2.0 Spellcasting
 - Level 3.3 Transmutations
 + Level 0.1 Ice Magic


You couldn't memorise any spells.
You knew the following spells:

 Your Spells              Type           Power        Failure   Level  Hunger
a - Beastly Appendage     Tmut           #.....       7%          1    ##.....
b - Sticks to Snakes      Tmut           #.......     10%         2    ###....
c - Ice Form              Ice/Tmut       #.......     77%         4    #####..

Your spell library contained the following spells:

 Spells                   Type           Power        Failure   Level  Hunger
 Spider Form              Tmut/Pois      #.........   36%         3    ####...
 Blade Hands              Tmut           #.........   88%         5    ######.


Dungeon Overview and Level Annotations

Branches:
Dungeon (4/15)
 Temple: D:4-7

Altars:
Xom


Innate Abilities, Weirdness & Mutations

Your plain brown scales are hard. (AC +5)
You cannot fit into any form of body armour.
You are cold-blooded and may be slowed by cold attacks.


Message History

Your ball python bites the worker ant.
Your ball python constricts the worker ant.
The frilled lizard bites you but does no damage.
* * * LOW HITPOINT WARNING * * *
You feel sick.
The worker ant struggles to escape constriction.
Your ball python bites the worker ant but does no damage.
Your ball python constricts the worker ant.
The frilled lizard barely misses you.
The worker ant struggles to escape constriction.
Your ball python bites the worker ant but does no damage.
Your ball python constricts the worker ant.
There is a stone staircase leading up here.
* * * LOW HITPOINT WARNING * * *
You feel sick.
The frilled lizard bites you but does no damage.
The worker ant bites your ball python.
Your ball python bites the worker ant.
Your ball python constricts the worker ant.
You climb upwards.
You die...

####.######.#≈..≈..≈#
........#...#≈.≈)≈.≈#
#####.#.#.#.#≈..[..≈#
#.......#.#.#≈≈≈.≈≈≈#
#.###.#<#.######'#####
#.# #.#.#.#....#.#.#.#
#.# #.#.#.#.####.#.#.#
#.###.#.#.#....l.....#
................@#.###
#.#.....#.########.#
#.#######..........#
#....÷÷...##########
.#####.)......# .#
#........# .#
#........# .#
#........# .#
#........#


You could see a frilled lizard.

Vanquished Creatures
  A gnoll (D:1)
  An adder (D:2)
  An ooze (D:3)
  A worm (D:2)
  2 dart slugs (D:1)
  2 orcs (D:3)
  8 goblins
  3 hobgoblins
  6 jackals (D:3)
  A quokka (D:2)
  3 ball pythons
  3 bats
  6 frilled lizards
  7 kobolds
  5 rats (D:1)
50 creatures vanquished.

Vanquished Creatures (collateral kills)
  A giant cockroach (D:2)
  2 jackals (D:3)
  A frilled lizard (D:2)
4 creatures vanquished.

Grand Total: 54 creatures vanquished

Notes
Turn   | Place    | Note
-------+----------+-------------------------------------------
     0 | D:1      | MoonlitKnight the Draconian Transmuter began the quest for
                  | the Orb.
     0 | D:1      | Reached XP level 1. HP: 16/16 MP: 3/3
   401 | D:1      | Reached XP level 2. HP: 23/23 MP: 3/5
   421 | D:1      | Learned a level 2 spell: Sticks to Snakes
   889 | D:1      | Reached XP level 3. HP: 14/28 MP: 6/6
  2235 | D:3      | Reached XP level 4. HP: 36/36 MP: 3/7
  2521 | D:3      | Learned a level 4 spell: Ice Form
  2555 | D:3      | Found a shimmering altar of Xom.
  2563 | D:3      | You fall into a shaft and drop 1 floor!
  2610 | D:4      | HP: 1/36 [poisoned by a worker ant]
  2612 | D:3      | Succumbed to a worker ant's poison

Levels and vault maps discovered:
D:1:      evilmike_arrival_crescent, layout_loops_corners, chequers_avenue
D:2:      layout_basic
D:3:      layout_basic, nicolae_overflow_crystal_walls,
          kennysheep_generic_room_10, uniq_jessica
D:4:      layout_rooms, first_ration, tgw_kikubaaqudgha, uniq_grinder,
          uniq_duvessa

Skill      XL: |  1  2  3  4 |
---------------+-------------+-----
Transmutations | 3 |  3.3
Dodging        | 2 |  2.2
Fighting       | 2 |  2.0
Unarmed Combat | |  3.7
Spellcasting   | |  2.0
Ice Magic      | |  0.1

Action                   |  1- 3 |  4- 6 || total
-------------------------+-------+-------++-------
Melee: Unarmed           |   137 |    54 ||   191
       Tailslap          |    16 |     2 ||    18
       Kick              |    13 |     1 ||    14
       Headbutt          |     3 |       ||     3
       Punch             |       |     1 ||     1
 Cast: Beastly Appendage |    18 |     1 ||    19
       Sticks to Snakes  |     2 |     1 ||     3
  Use: Potion            |     1 |       ||     1
 Stab: Sleeping          |     1 |       ||     1
  Eat: Chunk             |     5 |     1 ||     6
Armor: Skin              |    35 |    20 ||    55
Dodge: Dodged            |    72 |    33 ||   105

Table legend:
 A = Non-vault XP
 B = Vault XP
 C = Vault XP percentage of total XP
 D = Non-vault monster count
 E = Vault monster count
 F = Vault count percentage of total count
                 A         B        C        D         E       F
            +---------+---------+-------+---------+---------+-------
      Total |     122 |       3 |   2.4 |      53 |       1 |   1.9
            +---------+---------+-------+---------+---------+-------
        D:1 |      56 |       0 |   0.0 |      26 |       0 |   0.0
        D:2 |      35 |       0 |   0.0 |      13 |       0 |   0.0
        D:3 |      31 |       3 |   8.8 |      14 |       1 |   6.7
            +---------+---------+-------+---------+---------+-------
